[Event "Late-Titled-Tuesday-Blitz-April-16-2024"]
[Site "Chess.com"]
[Date "2024.04.16"]
[Round "5"]
[White "nassimzrikem"]
[Black "lluiss"]
[Result "1-0"]
[WhiteElo "2263"]
[BlackElo "2112"]
[TimeControl "180+1"]
[EndTime "14:49:09 PDT"]
[Termination "nassimzrikem won by resignation"]

1. e4 c5 2. Nf3 d6 3. Bb5+ Bd7 4. Bxd7+ Nxd7 5. O-O Ngf6 6. Re1 e6 7. c3 Be7 8. d4 cxd4 9. cxd4 d5 10. e5 Ne4 11. b3 O-O 12. Ba3 Bxa3 13. Nxa3 Qa5 14.
Rxe4 Qc7 15. Re2 a6 16. Rc2 Qb6 17. Rac1 Qa5 18. Nb1 Rfd8 19. a3 Qb6 20. b4 a5 21.
Qd2 1-0

[Event "Late-Titled-Tuesday-Blitz-April-16-2024"]
[Site "Chess.com"]
[Date "2024.04.16"]
[Round "5"]
[White "gmcorrales"]
[Black "ACollins05"]
[Result "1-0"]
[WhiteElo "2930"]
[BlackElo "2513"]
[TimeControl "180+1"]
[EndTime "14:49:40 PDT"]
[Termination "gmcorrales won by checkmate"]

1. e4 a6 2. d4 b5 3. f4 Bb7 4. Bd3 e6 5. Nf3 c5 6. c3 Nf6 7.
Qe2 d6 8. O-O Be7 9. Kh1 Nbd7 10. Be3 O-O 11. Nbd2 Rc8 12. Rae1 Re8 13. Ng5 h6 14.
Nxf7 Kxf7 15. e5 Nd5 16. Bh7 g6 17. f5 exf5 18. Bxh6 dxe5 19. Rxf5+ gxf5 20. Qh5+ Ke6 21. dxe5 Rg8 22. Qxf5# 1-0

[Event "Late-Titled-Tuesday-Blitz-April-16-2024"]
[Site "Chess.com"]
[Date "2024.04.16"]
[Round "5"]
[White "guillembaches"]
[Black "ArchibaldCerveza29"]
[Result "0-1"]
[WhiteElo "2525"]
[BlackElo "2367"]
[TimeControl "180+1"]
[EndTime "14:49:53 PDT"]
[Termination "ArchibaldCerveza29 won by resignation"]

1. e4 e5 2. Nf3 Nc6 3. Nc3 Nf6 4. d4 exd4 5. Nxd4 Bb4 6. Nxc6 bxc6 7. Bd3 O-O 8. O-O d5 9. Bd2 Rb8 10. Re1 Re8 11.
a3 Bd6 12. b4 h6 13. exd5 cxd5 14. Rxe8+ Qxe8 15. Qf3 c6 16. Bxh6 Qe5 17. Bxg7 Qxh2+ 18. Kf1 Bg4 0-1

[Event "Late-Titled-Tuesday-Blitz-April-16-2024"]
[Site "Chess.com"]
[Date "2024.04.16"]
[Round "5"]
[White "szachmistrz2500"]
[Black "HipsterChess22"]
[Result "1-0"]
[WhiteElo "2447"]
[BlackElo "2241"]
[TimeControl "180+1"]
[EndTime "14:49:54 PDT"]
[Termination "szachmistrz2500 won by resignation"]

1. e4 c6 2. d4 d5 3. Nc3 dxe4 4. Nxe4 Nf6 5. Nxf6+ exf6 6. c3 Bd6 7. Bd3 O-O 8. Qc2 Re8+ 9. Ne2 h5 10. Bd2 Be6 11. O-O h4 12. Nf4 Bd7 13. Rfe1 h3 14. g3 Be6 15. Bh7+ Kh8 16. Nxe6 fxe6 17. Bg6 f5 18. Qd1 1-0

[Event "Late-Titled-Tuesday-Blitz-April-16-2024"]
[Site "Chess.com"]
[Date "2024.04.16"]
[Round "5"]
[White "Narek_Ghimoyan"]
[Black "Allion2017"]
[Result "1-0"]
[WhiteElo "2491"]
[BlackElo "2274"]
[TimeControl "180+1"]
[EndTime "14:50:06 PDT"]
[Termination "Narek_Ghimoyan won by resignation"]

1. d4 d5 2. c4 c6 3. Nf3 Nf6 4. Nc3 dxc4 5. a4 Bf5 6. e3 e6 7. Bxc4 Bb4 8. O-O O-O 9. Qe2 Nbd7 10. e4 Bg6 11. Bd3 Rc8 12. e5 Nd5 13. Nxd5 cxd5 14. Bf4 a6 15. h4 f5 16. exf6 Nxf6 17. Qxe6+ Kh8 18. Bxg6 hxg6 19. Ne5 Kh7 20. Rac1 Rxc1 21. Rxc1 Ne4 22. Qxg6+ Kg8 23. Qe6+ Kh7 24. Be3 Qxh4 25. Rc7 Nxf2 26. Qg6+ 1-0

[Event "Late-Titled-Tuesday-Blitz-April-16-2024"]
[Site "Chess.com"]
[Date "2024.04.16"]
[Round "5"]
[White "nindjaxx8"]
[Black "vladislavkovalev"]
[Result "0-1"]
[WhiteElo "2670"]
[BlackElo "2864"]
[TimeControl "180+1"]
[EndTime "14:50:15 PDT"]
[Termination "vladislavkovalev won by resignation"]

1. d4 Nf6 2. c4 e6 3. Nc3 Bb4 4. Qc2 b6 5. Nf3 Bb7 6. Bg5 h6 7. Bh4 g5 8. Bg3 Ne4 9. e3 d6 10. Bd3 f5 11. Nd2 Bxc3 12. bxc3 Nxd2 13. Qxd2 Bxg2 14.
Rg1 Bf3 15. Be2 Bxe2 16. Qxe2 Qd7 17. h4 Nc6 18. O-O-O O-O-O 19. c5 Kb7 20. e4 f4 21. Bh2 dxc5 22. d5 exd5 23. exd5 Na5 24. Qe4 Kb8 25. f3 Rhe8 26. Qc2 Nc4 27. Rde1 Rxe1+ 28. Rxe1 Qxd5 29.
hxg5 hxg5 0-1

[Event "Late-Titled-Tuesday-Blitz-April-16-2024"]
[Site "Chess.com"]
[Date "2024.04.16"]
[Round "5"]
[White "kleber2007"]
[Black "kalxandria"]
[Result "1-0"]
[WhiteElo "2530"]
[BlackElo "2228"]
[TimeControl "180+1"]
[EndTime "14:50:23 PDT"]
[Termination "kleber2007 won by resignation"]

1. Nf3 Nf6 2. g3 e6 3. Bg2 d5 4. O-O Be7 5. c4 O-O 6. b3 c6 7. d4 b6 8. Qc2 Bb7 9. Nc3 Nbd7 10. Rd1 Rc8 11. e4 c5 12. exd5 exd5 13. Bb2 cxd4 14. Nxd4 dxc4 15. Bxb7 Rc7 16. Bg2 Qc8 17. Ndb5 Rc5 18.
Ba3 cxb3 19. axb3 Re5 20. Nxa7 Qc7 21. Bxe7 Rxe7 22. Nc6 Re6 23. Nb5 Qe5 24. Nxe5 1-0

[Event "Late-Titled-Tuesday-Blitz-April-16-2024"]
[Site "Chess.com"]
[Date "2024.04.16"]
[Round "5"]
[White "egnfanclub"]
[Black "vova-79"]
[Result "1-0"]
[WhiteElo "2385"]
[BlackElo "2531"]
[TimeControl "180+1"]
[EndTime "14:50:34 PDT"]
[Termination "egnfanclub won by resignation"]

1. e4 e6 2. d4 d5 3. Nc3 dxe4 4.
Nxe4 Nd7 5. Nf3 Ngf6 6. Bd3 c5 7. c3 Nxe4 8. Bxe4 Nf6 9. Bc2 cxd4 10. Nxd4 Bc5 11. O-O Bxd4 12. cxd4 Bd7 13. Re1 Bc6 14. Qd3 O-O 15. Qh3 Qxd4 16. Bg5 h6 17. Bxh6 gxh6 18. Qxh6 Qg4 19. g3 Qg7 20. Qh4 Rfd8 21. Re5 Rd5 22.
Rae1 Rad8 23. Bb3 Rxe5 24. Rxe5 Nh7 25. Qxd8+ 1-0

[Event "Late-Titled-Tuesday-Blitz-April-16-2024"]
[Site "Chess.com"]
[Date "2024.04.16"]
[Round "5"]
[White "The_Straightforward_Rook"]
[Black "Anton_Demchenko"]
[Result "0-1"]
[WhiteElo "2436"]
[BlackElo "2955"]
[TimeControl "180+1"]
[EndTime "14:50:36 PDT"]
[Termination "Anton_Demchenko won by resignation"]

1. e4 e5 2. Nf3 Nc6 3. Bc4 Nf6 4. d3 h6 5. a4 d6 6. h3 g5 7. Nbd2 Bg7 8. Nf1 Be6 9. Ne3 a6 10. c3 Qd7 11. b4 Ne7 12. Qb3 Ng6 13. Bxe6 fxe6 14.
g3 O-O 15. Nh2 d5 16. Qc2 Qc6 17. Nhg4 Nh7 18. exd5 exd5 19. b5 axb5 20. Ba3 d4 21. O-O dxe3 22. Bxf8 exf2+ 23. Rxf2 Rxf8 24. Rxf8+ Nhxf8 25. Qb3+ Kh7 26. axb5 Qf3 27. Kh2 Qe2+ 28. Kg1 Qxd3 29. Rf1 Qxg3+ 30. Kh1 Qxh3+ 31. Kg1 Qxg4+ 0-1

[Event "Late-Titled-Tuesday-Blitz-April-16-2024"]
[Site "Chess.com"]
[Date "2024.04.16"]
[Round "5"]
[White "StellarChess"]
[Black "Fandorine"]
[Result "0-1"]
[WhiteElo "2680"]
[BlackElo "2914"]
[TimeControl "180+1"]
[EndTime "14:50:38 PDT"]
[Termination "Fandorine won by checkmate"]

1. e4 c5 2. Nc3 g6 3. g3 Bg7 4. Bg2 Nc6 5. d3 d6 6. Nge2 h5 7. h4 Nf6 8. O-O O-O 9. Rb1 Rb8 10. a3 b5 11. b4 a6 12. f4 Bg4 13. e5 dxe5 14.
Bxc6 cxb4 15. axb4 Qb6+ 16. Kh2 Qxc6 17. fxe5 Bxe2 18.
Nxe2 Ng4+ 19. Kg1 Nxe5 20. Bf4 Nf3+ 21. Rxf3 Qxf3 22. Bxb8 Rxb8 23. c4 Rd8 24. c5 Qe3+ 25.
Kh1 Rxd3 26. Qf1 Qe4+ 27. Kg1 Bd4+ 28. Nxd4 Rxg3+ 29. Kf2 Qe3# 0-1

[Event "Late-Titled-Tuesday-Blitz-April-16-2024"]
[Site "Chess.com"]
[Date "2024.04.16"]
[Round "5"]
[White "pooh2012"]
[Black "MikeSailer"]
[Result "1-0"]
[WhiteElo "2521"]
[BlackElo "2173"]
[TimeControl "180+1"]
[EndTime "14:50:40 PDT"]
[Termination "pooh2012 won by resignation"]

1. d4 d5 2. c4 c6 3. Nf3 Nf6 4. Qb3 a6 5. Nc3 e6 6. g3 Be7 7. Bg2 O-O 8. O-O b5 9. c5 Nbd7 10. a4 Rb8 11. axb5 axb5 12. Bf4 Rb7 13. Ra8 Re8 14. Na2 Nf8 15. Nb4 Qd7 16. Ne5 1-0

[Event "Late-Titled-Tuesday-Blitz-April-16-2024"]
[Site "Chess.com"]
[Date "2024.04.16"]
[Round "5"]
[White "IndianSchoolOfSuffering"]
[Black "Cuchulin"]
[Result "1-0"]
[WhiteElo "2440"]
[BlackElo "2214"]
[TimeControl "180+1"]
[EndTime "14:50:44 PDT"]
[Termination "IndianSchoolOfSuffering won by resignation"]

1. c4 e6 2. Nf3 d5 3. g3 d4 4. Bg2 c5 5. b4 Nf6 6. O-O Be7 7. d3 O-O 8. Nbd2 Nc6 9. b5 Nb8 10. Nb3 b6 11. Ne5 Qc7 12. Bxa8 Qxe5 13. Bf3 Qc7 14. Bf4 e5 15. Bg5 Nbd7 16. a4 Bb7 17. a5 e4 18. Bg2 exd3 19. exd3 Bxg2 20. Kxg2 h6 21. Bxf6 Nxf6 22. Qf3 Bd6 23. axb6 axb6 24. Ra8 Rxa8 25. Qxa8+ Kh7 26. Ra1 Qe7 27. Qf3 g5 28.
Nd2 g4 29. Qf5+ Kg7 30. Ne4 Nxe4 31. Qxe4 Qd7 32. f4 gxf3+ 33. Qxf3 Qe7 34. Rf1 Qe6 35. Qe4 Qd7 36. Rf5 Be7 37. Qg4+ Kf8 38. Rxf7+ 1-0

[Event "Late-Titled-Tuesday-Blitz-April-16-2024"]
[Site "Chess.com"]
[Date "2024.04.16"]
[Round "5"]
[White "Boorchess"]
[Black "DraningWaterHi"]
[Result "1-0"]
[WhiteElo "2487"]
[BlackElo "2210"]
[TimeControl "180+1"]
[EndTime "14:50:46 PDT"]
[Termination "Boorchess won by resignation"]

1. d4 Nf6 2. Nf3 g6 3. Bg5 Bg7 4. Nbd2 O-O 5. c3 d6 6. e4 h6 7. Bh4 g5 8. Bg3 Nh5 9. Bd3 Nxg3 10. hxg3 e5 11. dxe5 dxe5 12. Qe2 Be6 13. Bc4 Qe7 14. Bxe6 Qxe6 15. Qc4 Qxc4 16. Nxc4 Nc6 17. Ne3 Rad8 18. Ke2 Ne7 19. g4 Ng6 20. g3 Ne7 21. a4 c6 22. a5 a6 23. Nd2 Nc8 24. Ndc4 Nd6 25. Nxd6 Rxd6 26. Rhd1 Rfd8 27. Rxd6 Rxd6 28. Nc4 Rd8 29. Rd1 Rxd1 30. Kxd1 Bf8 31. Nxe5 Bc5 32. Ke2 Bd6 33. Nc4 Bc7 34. Kd3 Kf8 35. e5 Ke7 36. Ke4 Ke6 37. f4 f6 38. f5+ Ke7 39. b4 Kf7 40.
Nd6+ Bxd6 41. exd6 Ke8 42. Kd4 Kd7 43. Kc5 Kd8 44.
Kb6 Kc8 45. c4 Kd7 46. Kxb7 Kxd6 47. Kxa6 h5 48. gxh5 g4 49. h6 Ke5 50. h7 Kxf5 51. h8=Q Ke4 52. Qxf6 Ke3 53. Qf4+ Kd3 54. b5 1-0

[Event "Late-Titled-Tuesday-Blitz-April-16-2024"]
[Site "Chess.com"]
[Date "2024.04.16"]
[Round "5"]
[White "Stanbad1"]
[Black "dropstoneDP"]
[Result "0-1"]
[WhiteElo "2626"]
[BlackElo "3051"]
[TimeControl "180+1"]
[EndTime "14:50:47 PDT"]
[Termination "dropstoneDP won by resignation"]

1. d4 d5 2. Nc3 Nf6 3. Bf4 c5 4. e4 cxd4 5. Qxd4 Nc6 6. Bb5 Bd7 7. Bxc6 Bxc6 8. e5 Nd7 9. e6 fxe6 10. Nf3 Qb6 11. Qd2 g6 12. O-O-O Bg7 13. Rhe1 O-O 14. Be3 Qc7 15. Bh6 Rf6 16. Bg5 Nc5 17. Bxf6 Bxf6 18. Qe3 Qb6 19. Nd4 e5 20. Nxc6 bxc6 21. Qh3 e4 22. f3 Rb8 23. fxe4 Bg5+ 24. Rd2 Qxb2+ 25. Kd1 d4 26. Rxd4 Qc1+ 27. Ke2 Qxc2+ 28. Kf1 Rf8+ 0-1

[Event "Late-Titled-Tuesday-Blitz-April-16-2024"]
[Site "Chess.com"]
[Date "2024.04.16"]
[Round "5"]
[White "HamedWafa4"]
[Black "JiangoFett"]
[Result "1-0"]
[WhiteElo "2771"]
[BlackElo "2545"]
[TimeControl "180+1"]
[EndTime "14:50:54 PDT"]
[Termination "HamedWafa4 won by resignation"]

1. d4 Nf6 2. Nf3 e6 3. Bf4 b6 4.
e3 Bb7 5. h3 g6 6. c3 Bg7 7.
Nbd2 O-O 8. a4 a6 9. Bd3 d6 10. O-O Nbd7 11. Bh2 Qe7 12. Re1 e5 13. e4 Rfe8 14.
Qc2 Nh5 15. b4 Bh6 16. a5 b5 17. dxe5 Nxe5 18. Nxe5 dxe5 19. Nb3 Nf4 20. Bf1 Qg5 21. Bg3 Bf8 22. Rad1 Rad8 23. Rxd8 Rxd8 24. Be2 h5 25. h4 Qf6 26. Bf3 Be7 27. Rd1 Qe6 28. Rxd8+ Bxd8 29. Nc5 Qc6 30. Bxf4 1-0

[Event "Late-Titled-Tuesday-Blitz-April-16-2024"]
[Site "Chess.com"]
[Date "2024.04.16"]
[Round "5"]
[White "Brown_Mamba24"]
[Black "a-z30"]
[Result "1-0"]
[WhiteElo "2649"]
[BlackElo "2390"]
[TimeControl "180+1"]
[EndTime "14:50:54 PDT"]
[Termination "Brown_Mamba24 won by resignation"]

1. d4 Nf6 2. c4 g6 3. Nc3 Bg7 4. e4 d6 5. Be2 O-O 6. Be3 Nbd7 7.
g4 c5 8. g5 Ne8 9. d5 Nc7 10. h4 b5 11. cxb5 a6 12. a4 axb5 13.
axb5 Rxa1 14. Qxa1 e6 15. dxe6 Nxe6 16. Nf3 Nd4 17.
Bxd4 cxd4 18. Nd5 Re8 19. Nd2 Bb7 20. Bc4 Nb6 21. Nxb6 Qxb6 22. O-O h6 23. Rc1 hxg5 24. hxg5 Bxe4 25. Nxe4 Rxe4 26. Qa8+ Bf8 27. Qxe4 1-0

[Event "Late-Titled-Tuesday-Blitz-April-16-2024"]
[Site "Chess.com"]
[Date "2024.04.16"]
[Round "5"]
[White "Lupul_Cenusiu"]
[Black "wild3000"]
[Result "0-1"]
[WhiteElo "2697"]
[BlackElo "2501"]
[TimeControl "180+1"]
[EndTime "14:50:58 PDT"]
[Termination "wild3000 won by resignation"]

1. e4 d6 2. d4 e6 3. Nc3 a6 4. Bd3 b5 5. a3 Bb7 6. f4 c5 7. Nf3 Nf6 8. e5 Nd5 9. Nxd5 Bxd5 10. O-O cxd4 11. Nxd4 Nc6 12. Nxc6 Bxc6 13. f5 exf5 14. exd6 Bxd6 15. Re1+ Kf8 16. Kh1 Qh4 17. Kg1 Qxh2+ 18. Kf2 Qxg2+ 19. Ke3 Re8+ 20. Kd4 Qd5+ 21. Kc3 Qc5+ 22.
Kb3 Bd5+ 23. c4 Bxc4+ 24. Kc3 Ba2+ 0-1

[Event "Late-Titled-Tuesday-Blitz-April-16-2024"]
[Site "Chess.com"]
[Date "2024.04.16"]
[Round "5"]
[White "ritanovikova"]
[Black "Yushko_Olga"]
[Result "0-1"]
[WhiteElo "2156"]
[BlackElo "2297"]
[TimeControl "180+1"]
[EndTime "14:51:00 PDT"]
[Termination "Yushko_Olga won by resignation"]

1. d4 Nf6 2. Bf4 e6 3. Nd2 d5 4.
c3 Bd6 5. Bg3 c5 6. e3 Qc7 7. Bb5+ Nbd7 8. Bxd7+ Bxd7 9. Ne2 O-O 10.
Nf3 Ne4 11. Bxd6 Qxd6 12. Ne5 a5 13. Ng3 Bb5 14. Nxe4 dxe4 15. a4 Ba6 16. b3 Rfc8 17.
Nc4 Bxc4 18. bxc4 cxd4 19. cxd4 Qb4+ 20. Qd2 Qxc4 21. f3 exf3 22. gxf3 Qb3 23. Ra2 Qb1+ 0-1

[Event "Late-Titled-Tuesday-Blitz-April-16-2024"]
[Site "Chess.com"]
[Date "2024.04.16"]
[Round "5"]
[White "PhileKhoob"]
[Black "Lady_Nika"]
[Result "0-1"]
[WhiteElo "2295"]
[BlackElo "2491"]
[TimeControl "180+1"]
[EndTime "14:51:07 PDT"]
[Termination "Lady_Nika won by resignation"]

1. Nf3 d5 2. g3 c6 3. Bg2 Nf6 4. c4 g6 5. O-O Bg7 6. d4 O-O 7. a4 a5 8. cxd5 cxd5 9. Qb3 Nc6 10. Nc3 e6 11. Nb5 Qb6 12. Bf4 Ne8 13. Qa3 Bd7 14.
Rac1 h6 15. Rc5 g5 16. Be5 Nxe5 17. Nxe5 Bxb5 18. Rxb5 Qxd4 19. Nd7 Ra6 20. Nxf8 Bxf8 21. Qa2 Nd6 22. Rb3 Rc6 23. Rd3 Qe5 24. Qb3 Bg7 25. e3 Qxb2 26. Qxb2 Bxb2 27. Rb3 Bc3 28.
Rc1 Bb4 29. Rbb1 Kg7 30. Bf1 Kf6 31. Bd3 e5 32. Kf1 Ke6 33. f3 f5 34. g4 fxg4 35. fxg4 e4 36. Bb5 Rxc1+ 37. Rxc1 Bd2 38. Rc7 Bxe3 39. Bd7+ Ke5 40. Ke2 Bf4 41. h3 d4 42.
Rc5+ Kf6 43. Rd5 d3+ 44. Kd1 Nc4 45. Rd4 Ne3+ 46. Kd2 Nf5+ 47. Kc3 Nxd4 0-1

[Event "Late-Titled-Tuesday-Blitz-April-16-2024"]
[Site "Chess.com"]
[Date "2024.04.16"]
[Round "5"]
[White "FabianoCaruana"]
[Black "oskariot"]
[Result "1-0"]
[WhiteElo "3078"]
[BlackElo "2736"]
[TimeControl "180+1"]
[EndTime "14:51:09 PDT"]
[Termination "FabianoCaruana won by resignation"]

1. c4 Nf6 2. Nc3 g6 3. e4 d6 4. d4 Bg7 5. Bd3 O-O 6. Nge2 Nc6 7. O-O e5 8. d5 Nd4 9. Bc2 Nxc2 10. Qxc2 b6 11. f3 a5 12. Be3 Nd7 13. a3 f5 14. b4 f4 15. Bf2 g5 16. Nb5 Nf6 17. c5 bxc5 18. bxc5 g4 19. cxd6 cxd6 20. Qc7 gxf3 21.
Qxd8 Rxd8 22. gxf3 Bh3 23. Rfc1 Kh8 24. Kh1 Bf8 25.
Bh4 Be7 26. Rc7 Nxd5 27. Bxe7 Nxe7 28. Rxe7 Rg8 29. Rg1 Rxg1+ 30. Nxg1 Bf1 31. Nxd6 Rg8 32. h4 Rg6 33. Nf5 1-0

[Event "Late-Titled-Tuesday-Blitz-April-16-2024"]
[Site "Chess.com"]
[Date "2024.04.16"]
[Round "5"]
[White "azikom"]
[Black "expii"]
[Result "1-0"]
[WhiteElo "2688"]
[BlackElo "2214"]
[TimeControl "180+1"]
[EndTime "14:51:10 PDT"]
[Termination "azikom won by resignation"]

1. c4 e6 2. Nc3 d5 3. e3 c5 4.
cxd5 exd5 5. d4 c4 6. g3 Nc6 7. Bg2 Nf6 8. Nge2 Be6 9. Nf4 Bb4 10. O-O O-O 11. Bd2 Re8 12. a3 Bd6 13. Ncxd5 Nxd5 14. Nxd5 Bxd5 15. Bxd5 Bxg3 16. Bxf7+ Kxf7 17. fxg3+ Kg8 18. Qf3 Rf8 19. Qe4 Qd6 20. Rxf8+ Rxf8 21. Bc3 Kh8 22. d5 Qe7 23. Qxe7 Nxe7 24. e4 Rd8 25. Kg2 Kg8 26.
h4 Kf7 27. Rf1+ Kg8 28. Kf3 Rf8+ 29. Ke2 1-0

[Event "Late-Titled-Tuesday-Blitz-April-16-2024"]
[Site "Chess.com"]
[Date "2024.04.16"]
[Round "5"]
[White "NMJeevanK"]
[Black "N_I_Chess"]
[Result "1-0"]
[WhiteElo "2561"]
[BlackElo "2386"]
[TimeControl "180+1"]
[EndTime "14:51:12 PDT"]
[Termination "NMJeevanK won by resignation"]

1. e4 Nf6 2. e5 Nd5 3. d4 d6 4. c4 Nb6 5. exd6 cxd6 6. Nc3 g6 7. Be2 Bg7 8. h3 O-O 9. Nf3 Bf5 10. O-O d5 11. c5 Nc4 12. Qb3 Nc6 13. Qxb7 Nxd4 14.
Nxd4 Bxd4 15. Nxd5 Na5 16. Nxe7+ Kh8 17. Qb4 Be6 18.
Rd1 Qxe7 19. Qxd4+ Kg8 20. Bh6 f6 21. Bxf8 Rxf8 22.
Qd6 Re8 23. Bb5 Qxd6 24. Rxd6 Re7 25. Re1 Kf7 26. b4 Nb7 27. Rdxe6 Rxe6 28. Bc4 Nd8 29. c6 Ke7 30. Bxe6 Nxe6 31. c7 Kd7 32. Rxe6 1-0

[Event "Late-Titled-Tuesday-Blitz-April-16-2024"]
[Site "Chess.com"]
[Date "2024.04.16"]
[Round "5"]
[White "Jagerrmeisterr"]
[Black "schachsensei_YT"]
[Result "1-0"]
[WhiteElo "2714"]
[BlackElo "2332"]
[TimeControl "180+1"]
[EndTime "14:51:13 PDT"]
[Termination "Jagerrmeisterr won by resignation"]

1. e4 c5 2. Nc3 e6 3. Nge2 Nc6 4. g3 Nf6 5. Bg2 Be7 6. O-O O-O 7. h3 d6 8. f4 Rb8 9. d3 Qc7 10. g4 b5 11. Ng3 d5 12. g5 Nd7 13. exd5 Nd4 14. dxe6 fxe6 15. Nce4 Nb6 16. c3 Nc6 17. g6 h6 18. Qh5 Rf5 19. Nxf5 exf5 20. Ng3 Qd7 21. Re1 Bf6 22. Qxf5 1-0

[Event "Late-Titled-Tuesday-Blitz-April-16-2024"]
[Site "Chess.com"]
[Date "2024.04.16"]
[Round "5"]
[White "Ykow"]
[Black "chessisveryfun1264"]
[Result "1-0"]
[WhiteElo "2558"]
[BlackElo "2749"]
[TimeControl "180+1"]
[EndTime "14:51:16 PDT"]
[Termination "Ykow won by checkmate"]

1. e4 e6 2. d4 d5 3. exd5 exd5 4. Nf3 Nc6 5. Bb5 Bd6 6. c4 dxc4 7. d5 a6 8. Bxc4 Ne5 9. Nxe5 Bxe5 10. O-O Ne7 11.
Re1 Bd6 12. Nc3 O-O 13. Bg5 h6 14. Bh4 Bf5 15. Qf3 Bg6 16. Ne4 Bb4 17. Red1 Qd7 18. d6 Nf5 19. Qg4 Kh8 20. Bg3 cxd6 21. Nxd6 Bxd6 22. Bxd6 Rfd8 23. Be5 Qc6 24. Bc3 Qc7 25. Bb3 b5 26. h4 h5 27. Qg5 Re8 28. Bc2 Qc5 29.
Bxf5 Qxf5 30. Qh6+ Kg8 31. Qxg7# 1-0

[Event "Late-Titled-Tuesday-Blitz-April-16-2024"]
[Site "Chess.com"]
[Date "2024.04.16"]
[Round "5"]
[White "Misterfox120"]
[Black "TiagoMangialardo"]
[Result "1-0"]
[WhiteElo "2386"]
[BlackElo "2067"]
[TimeControl "180+1"]
[EndTime "14:51:16 PDT"]
[Termination "Misterfox120 won on time"]

1. d4 Nf6 2. Nc3 c5 3. d5 g6 4. e4 d6 5. Nf3 Bg7 6. Bc4 O-O 7. O-O a6 8. a4 Bg4 9. h3 Bxf3 10. Qxf3 Nbd7 11.
Qd1 Nb6 12. Be2 Rc8 13. a5 Nbd7 14. Be3 c4 15. f3 Nh5 16. Qd2 Re8 17. Na4 e6 18.
dxe6 Rxe6 19. c3 Ng3 20. Rfd1 Qe8 21. Bf2 Nxe2+ 22. Qxe2 Nc5 23. Nxc5 dxc5 24. Qxc4 1-0

[Event "Late-Titled-Tuesday-Blitz-April-16-2024"]
[Site "Chess.com"]
[Date "2024.04.16"]
[Round "5"]
[White "Leebit02"]
[Black "Aygehovit1992"]
[Result "0-1"]
[WhiteElo "2551"]
[BlackElo "2786"]
[TimeControl "180+1"]
[EndTime "14:51:21 PDT"]
[Termination "Aygehovit1992 won by resignation"]

1. d4 Nf6 2. c4 g6 3. h4 d6 4. Nc3 Bg7 5. e4 Nc6 6. Be2 e5 7. dxe5 dxe5 8. Qxd8+ Kxd8 9. h5 Nxh5 10.
Bxh5 gxh5 11. Bg5+ f6 12. Be3 Nd4 13. O-O-O c5 14.
f3 Be6 15. Nd5 Bf7 16. f4 Re8 17. f5 Kd7 18. Nf3 Kc6 19. b3 a5 20. Kb2 a4 21.
b4 a3+ 22. Kb1 Ra4 23. b5+ Kd6 24. Nd2 Bxd5 25. exd5 Rb4+ 26. Nb3 Nxb3 0-1

[Event "Late-Titled-Tuesday-Blitz-April-16-2024"]
[Site "Chess.com"]
[Date "2024.04.16"]
[Round "5"]
[White "BeanScreen"]
[Black "Kiborg95"]
[Result "0-1"]
[WhiteElo "2658"]
[BlackElo "2856"]
[TimeControl "180+1"]
[EndTime "14:51:23 PDT"]
[Termination "Kiborg95 won by resignation"]

1. e4 d6 2. d4 Nf6 3. Nc3 Nbd7 4. Nf3 e5 5. Bc4 Be7 6. O-O O-O 7. a4 c6 8. h3 h6 9. Re1 Re8 10. a5 Qc7 11. Nh4 exd4 12. Qxd4 Ne5 13. Bb3 Nh7 14.
Nf5 Bxf5 15. exf5 Bf6 16. Qd1 d5 17. Bf4 Qd7 18. Qh5 Re7 19. Be3 Rae8 20. Rad1 Qc7 21. a6 b5 22. Kf1 Nc4 23. Bxc4 bxc4 24. g3 d4 25. Bf4 Rxe1+ 26. Rxe1 Rxe1+ 27. Kxe1 Qa5 28.
Qe2 dxc3 29. Qe8+ Nf8 30. Bd6 cxb2+ 31. Ke2 b1=Q 32. Qxf8+ Kh7 33. Qxf7 Qxc2+ 34. Kf3 Qaxf5+ 35. Kg2 Qfxf2+ 0-1

[Event "Late-Titled-Tuesday-Blitz-April-16-2024"]
[Site "Chess.com"]
[Date "2024.04.16"]
[Round "5"]
[White "SpeedofLight0"]
[Black "ReadySkate"]
[Result "1-0"]
[WhiteElo "3049"]
[BlackElo "2616"]
[TimeControl "180+1"]
[EndTime "14:51:33 PDT"]
[Termination "SpeedofLight0 won by resignation"]

1. d4 Nf6 2. Nc3 d5 3. Bf4 g6 4. Qd2 Bg7 5. Bh6 O-O 6. h4 c5 7. Bxg7 Kxg7 8. h5 cxd4 9. Qxd4 Nc6 10. Qh4 Qa5 11. e3 Qb4 12. h6+ Kg8 13. O-O-O Qxh4 14. Rxh4 Be6 15. Nf3 Rfd8 16. Ng5 Bg4 17. f3 Bf5 18. g4 Bc8 19. Rh2 e6 20. Rhd2 b6 21. e4 d4 22.
Bb5 Bb7 23. Bxc6 Bxc6 24. Rxd4 Rxd4 25. Rxd4 Kf8 26. e5 Ng8 27. Nxh7+ Ke7 28. g5 Bxf3 29. Nf6 Kf8 30. h7 1-0

[Event "Late-Titled-Tuesday-Blitz-April-16-2024"]
[Site "Chess.com"]
[Date "2024.04.16"]
[Round "5"]
[White "Sjakkerntobi"]
[Black "Ramil_Faizrakhmanov"]
[Result "0-1"]
[WhiteElo "2509"]
[BlackElo "2887"]
[TimeControl "180+1"]
[EndTime "14:51:33 PDT"]
[Termination "Ramil_Faizrakhmanov won by resignation"]

1. e4 c6 2. Nc3 d5 3. Nf3 Bg4 4. h3 Bxf3 5. Qxf3 e6 6. d3 Nd7 7. Bd2 Bb4 8. g4 d4 9. Nb1 Qb6 10. Qg3 Ne7 11. f4 Bxd2+ 12. Nxd2 Qxb2 13. Rb1 Qxa2 14. Rxb7 Qxc2 15. Nc4 Nc8 16. f5 Nc5 17. Rxf7 Kxf7 18.
Qc7+ Ne7 19. Ne5+ Kf8 20. fxe6 Nxe6 21. Nd7+ Ke8 22. Qd6 Qc1+ 23. Kf2 Qf4+ 24. Qxf4 Nxf4 0-1

[Event "Late-Titled-Tuesday-Blitz-April-16-2024"]
[Site "Chess.com"]
[Date "2024.04.16"]
[Round "5"]
[White "Licancabur"]
[Black "AlexPapasimakopoulos"]
[Result "0-1"]
[WhiteElo "2450"]
[BlackElo "2641"]
[TimeControl "180+1"]
[EndTime "14:51:34 PDT"]
[Termination "AlexPapasimakopoulos won by resignation"]

1. d4 Nf6 2. Bg5 e6 3. e4 h6 4. Bxf6 Qxf6 5. c3 c5 6. Nf3 Nc6 7. Be2 Qg6 8. O-O Qxe4 9. Bd3 Qf4 10. Na3 cxd4 11. Nb5 dxc3 12. g3 Qb8 13. bxc3 a6 14.
Nbd4 Be7 15. Bc2 Nxd4 16. cxd4 b5 17. d5 Bb7 18. Be4 f5 19. Ne5 Qxe5 20. dxe6 Qxe4 21.
Qh5+ Kd8 22. f3 Qxe6 23. Rfe1 Qb6+ 24. Kg2 Bf6 25. Rad1 Bc6 26. Qxf5 Kc7 27. Qf4+ Kb7 28. Rd6 Rae8 29. Red1 Re2+ 30. Kh3 Ka8 31. Rxd7 Bxd7+ 0-1

[Event "Late-Titled-Tuesday-Blitz-April-16-2024"]
[Site "Chess.com"]
[Date "2024.04.16"]
[Round "5"]
[White "Kildepiotr"]
[Black "Mariia89"]
[Result "1-0"]
[WhiteElo "2700"]
[BlackElo "2234"]
[TimeControl "180+1"]
[EndTime "14:51:34 PDT"]
[Termination "Kildepiotr won by resignation"]

1. Nf3 c5 2. g3 Nc6 3. Bg2 g6 4. c3 Bg7 5. d4 cxd4 6. cxd4 d5 7. O-O Nf6 8. Nc3 O-O 9. Ne5 Nxe5 10. dxe5 Ne8 11. Qxd5 Qxd5 12. Nxd5 Bxe5 13. Nxe7+ Kh8 14. Bh6 Bg7 15. Bxg7+ Kxg7 16. Rac1 Nd6 17. Rfd1 Nf5 18. Nxc8 Raxc8 19. Bxb7 Rxc1 20. Rxc1 Rb8 21. Rc7 Nd6 22. Bd5 Rxb2 23. Rd7 Nb5 24. Rxf7+ Kh6 25. e4 a6 26. Rf6 a5 27. Ra6 a4 28. Rxa4 Nc3 29. Ra3 Nd1 30.
Rf3 g5 31. Bb3 Rb1 32. Bxd1 Rxd1+ 33. Kg2 Ra1 34. a3 Ra2 35. Re3 Kg6 36. e5 Kf7 37.
e6+ Ke7 38. g4 Ra1 39. h3 Ra2 40. Kg3 Ra1 41. f4 Rg1+ 42. Kf2 gxf4 43. Kxg1 fxe3 44. Kg2 Kxe6 45. Kf3 1-0